 Dungeon Crawl Stone Soup version 0.24-a0-537-g2d01d4ab0a (webtiles) character file.

Game seed: 8909744138609031182

31 Mithandil the Conjurer (level 3, 0/20 HPs)
             Began as a Tengu Conjurer on Aug 16, 2019.
             Slain by a worm (8 damage)
             ... on level 2 of the Dungeon.
             The game lasted 00:06:53 (1293 turns).

Mithandil the Conjurer (Tengu Conjurer)             Turns: 1293, Time: 00:06:54

Health: 0/20       AC:  6    Str:  8    XL:     3   Next: 22%
Magic:  0/7        EV: 13    Int: 16    God:
Gold:   34         SH:  0    Dex: 14    Spells: 3/6 levels left

rFire    . . .     SeeInvis .   a - +1 dagger
rCold    . . .     Gourm    .   (no shield)
rNeg     . . .     Faith    .   e - +0 robe
rPois    .         Spirit   .   f - +0 hat
rElec    .         Reflect  .   (no cloak)
rCorr    .         Harm     .   (no gloves)
MR       .....                  (boots unavailable)
Stlth    ++........             (no amulet)
HPRegen  0.06/turn              j - +4 ring of protection
MPRegen  0.10/turn              (no ring)

@: no status effects
A: beak, talons 3
a: no special abilities


You were on level 2 of the Dungeon.
You were not hungry.

You visited 1 branch of the dungeon, and saw 3 of its levels.

You collected 34 gold pieces.

Inventory:

Hand Weapons
 a - a +1 dagger (weapon)
 b - a +0 spear
Missiles
 d - 27 stones (quivered)
Armour
 e - a +0 robe (worn)
 f - a +0 hat (worn)
Jewellery
 j - a +4 ring of protection (left hand)
Scrolls
 g - a scroll of fear
 h - 2 scrolls of identify
 i - 2 scrolls of teleportation
 k - a scroll of blinking {unknown}
Comestibles
 c - a ration


   Skills:
 + Level 0.6 Fighting
 + Level 2.5 Dodging
 + Level 2.2 Stealth
 * Level 2.4 Spellcasting
 * Level 5.7 Conjurations


You had 3 spell levels left.
You knew the following spells:

 Your Spells              Type           Power        Failure   Level  Hunger
a - Magic Dart            Conj           ###.         1%          1    #......
b - Searing Ray           Conj           ###...       2%          2    ###....

Your spell library contained the following spells:

 Spells                   Type           Power        Failure   Level  Hunger
 Dazzling Spray           Conj/Hex       ##....       19%         3    ###....
 Iskenderun's Mystic Bla  Conj           ###.....     19%         4    #####..
 Force Lance              Conj/Tloc      ##......     52%         4    #####..
 Fulminant Prism          Conj/Hex       ##........   52%         4    #####..


Dungeon Overview and Level Annotations

Branches:
Dungeon (3/15)

Altars:


Innate Abilities, Weirdness & Mutations

You have a beak for a mouth.
You have claws for feet.


Message History

The magic dart hits the worm.
The worm is moderately wounded.
Casting: Magic Dart (safe; 1% risk of failure)
Confirm with . or Enter, or press ? or * to list all spells.
Aiming: Magic Dart (safe; 1% risk of failure)
Press: ? - help, Shift-Dir - straight line, f/p - worm
Aim: a worm (moderately wounded)
The magic dart hits the worm.
The worm is heavily wounded.
You hit the worm.
The worm is heavily wounded.
The worm bites you!
Ouch! That really hurt!
You hit the worm. You peck the worm, but do no damage.
The worm is heavily wounded.
The worm bites you but does no damage.
You see here a scroll labeled GIEQOFF ISKARO.
k - a scroll labeled GIEQOFF ISKARO The worm bites you!
You die...

#### ... ..# #.# ##.#
#@.# . #..†w# .####
#..#.†...
....##...####.....###
.........#.........
...........##.......
.#.##.....# ##......
.#.###....##.........
.#..##...........


You could see a worm.

Vanquished Creatures
  An ooze (D:1)
  A leopard gecko (D:1)
  3 bats (D:1)
  2 giant cockroaches (D:1)
  3 hobgoblins
  3 jackals (D:2)
  A frilled lizard (D:1)
  3 goblins
  5 kobolds
  3 rats (D:1)
25 creatures vanquished.

Notes
Turn   | Place    | Note
-------+----------+-------------------------------------------
     0 | D:1      | Mithandil the Tengu Conjurer began the quest for the Orb.
     0 | D:1      | Reached XP level 1. HP: 10/10 MP: 4/4
   133 | D:1      | Reached XP level 2. HP: 12/15 MP: 4/6
   137 | D:1      | Learned a level 2 spell: Searing Ray
   787 | D:1      | Reached XP level 3. HP: 20/20 MP: 2/7
  1293 | D:2      | Slain by a worm

Levels and vault maps discovered:
D:1:      giann_bridges, layout_basic
D:2:      layout_rooms, nicolae_overflow_crystal_walls, lemuel_crystal_altar,
          uniq_crazy_yiuf_cottage
D:3:      layout_loops_ring, fedhas_ov_isle_minmay, first_ration,
          kennysheep_cross_bottleneck, uniq_terence, uniq_grinder, uniq_ijyb

Action                   || total
-------------------------++-------
Melee: Dagger            ||     9
       Kick              ||     1
       Peck              ||     1
 Cast: Magic Dart        ||    47
       Searing Ray       ||     2
  Use: Scroll            ||     4
       Potion            ||     1
  Eat: Chunk             ||     2
Armor: Robe              ||     2
Dodge: Dodged            ||     7

Table legend:
 A = Non-vault XP
 B = Vault XP
 C = Vault XP percentage of total XP
 D = Non-vault monster count
 E = Vault monster count
 F = Vault count percentage of total count
                 A         B        C        D         E       F
            +---------+---------+-------+---------+---------+-------
      Total |      45 |       0 |   0.0 |      25 |       0 |   0.0
            +---------+---------+-------+---------+---------+-------
        D:1 |      34 |       0 |   0.0 |      19 |       0 |   0.0
        D:2 |      11 |       0 |   0.0 |       6 |       0 |   0.0
            +---------+---------+-------+---------+---------+-------
